 Dungeon Crawl Stone Soup version 0.25-b1-46-gb8a1ec05df (webtiles) character file.

Game seed: 16399283916328346339

23 Nixze the Poker (level 3, -2/27 HPs)
             Began as a Merfolk Skald on June 10, 2020.
             Slain by a gnoll (7 damage)
             ... on level 1 of the Dungeon.
             The game lasted 00:01:51 (1168 turns).

Nixze the Poker (Merfolk Skald)                     Turns: 1168, Time: 00:01:52

Health: -2/27      AC:  3    Str: 12    XL:     3   Next: 0%
Magic:  4/6        EV: 12    Int: 12    God:
Gold:   32         SH:  0    Dex: 13    Spells: 1/6 levels left

rFire    . . .     SeeInvis .   a - +0 spear
rCold    . . .     Gourm    .   (no shield)
rNeg     . . .     Faith    .   b - +0 leather armour
rPois    .         Spirit   .   (no helmet)
rElec    .         Reflect  .   (no cloak)
rCorr    .         Harm     .   (no gloves)
MR       .....                  (no boots)
Stlth    +.........             (no amulet)
HPRegen  0.09/turn              (no ring)
MPRegen  0.10/turn              (no ring)

@: infused
A: change form in water, swift swim, stealthy swim
a: no special abilities


You were on level 1 of the Dungeon.
You were hungry.

You visited 1 branch of the dungeon, and saw 2 of its levels.

You collected 32 gold pieces.

Inventory:

Hand Weapons
 a - a +0 spear (weapon)
Missiles
 c - 4 stones (quivered)
 f - 17 poisoned darts
Armour
 b - a +0 leather armour (worn)
Scrolls
 h - a scroll of fog {unknown}
 i - a scroll of identify {unknown}
 k - a scroll of random uselessness {unknown}
 m - a scroll of teleportation {unknown}
Potions
 e - a potion of curing {unknown}
 g - a potion of might {unknown}
 l - 2 potions of heal wounds {unknown}
Comestibles
 d - a ration


   Skills:
 - Level 2.1 Fighting
 * Level 5.0 Polearms
 - Level 0.6 Armour
 - Level 2.6 Dodging
 - Level 2.0 Spellcasting
 - Level 3.2 Charms


You had one spell level left.
You knew the following spells:

 Your Spells              Type           Power        Failure   Level  Hunger
a - Infusion              Chrm           #...         9%          1    ##.....
b - Song of Slaying       Chrm           #.......     14%         2    ###....
c - Shroud of Golubria    Chrm/Tloc      #.....       26%         2    ###....

Your spell library contained the following spells:

 Spells                   Type           Power        Failure   Level  Hunger
 Ozocubu's Armour         Chrm/Ice       #.......     47%         3    ####...
 Spectral Weapon          Hex/Chrm       #.......     47%         3    ####...


Dungeon Overview and Level Annotations

Branches:
Dungeon (2/15)

Altars:


Message History

Press: ? - help, Shift-Dir - straight line, f - gnoll
Aim: a gnoll
Okay, then.
You hit the gnoll.
The gnoll is moderately wounded.
The gnoll hits you.
You barely miss the gnoll.
The gnoll is moderately wounded.
The gnoll hits you from afar with a +0 spear.
* * * LOW HITPOINT WARNING * * *
The gnoll closely misses you. x2
The gnoll hits you from afar with a +0 halberd.
* * * LOW HITPOINT WARNING * * *
You climb upwards.
There is a stone staircase leading down here.
You are too injured to fight recklessly!
You hit the gnoll.
The gnoll is moderately wounded.
The gnoll hits you!
You die...

...#...........#.................
...#...........#.................
...#..............##.#...........
...........##........#...........
....#...#.......>#####...........
##..#...#..#####.#####...........
#..............g................
##.#.###.#.####g###############.
#.#.....#.####@# #.....# ##
#.#####.#......# #.###.# #.#
#.#.###### #.# #.# ###.# #.#.#
#.# #.# ....# #.#.###########.#
#.# ##### #.#.............# #.#
#.#################.#
#...................#
#####################


You could see 2 gnolls.

Vanquished Creatures
  A dart slug (D:1)
  A leopard gecko (D:1)
  4 bats (D:1)
  3 giant cockroaches (D:1)
  2 goblins (D:1)
  A frilled lizard (D:1)
  3 kobolds (D:1)
  5 rats (D:1)
20 creatures vanquished.

Notes
Turn   | Place    | Note
-------+----------+-------------------------------------------
     0 | D:1      | Nixze the Merfolk Skald began the quest for the Orb.
     0 | D:1      | Reached XP level 1. HP: 16/16 MP: 3/3
   259 | D:1      | Reached skill level 4 in Polearms
   259 | D:1      | Reached XP level 2. HP: 22/22 MP: 5/5
   884 | D:1      | Reached skill level 5 in Polearms
   884 | D:1      | Reached XP level 3. HP: 19/27 MP: 6/6
  1079 | D:1      | Learned a level 2 spell: Song of Slaying
  1082 | D:1      | Learned a level 2 spell: Shroud of Golubria
  1168 | D:1      | Slain by a gnoll

Illustrated notes

Levels and vault maps discovered:
D:1:      dpeg_arrival_round_c, layout_basic
D:2:      layout_rooms, nicolae_overflow_crystal_walls,
          chequers_ecumenical_altar_simple, chequers_serial_rivers_micro_d,
          minmay_randomly_rotated_circles

Skill      XL: |  1  2 |
---------------+-------+-----
Polearms       | 4 5 |  5.0
Fighting       | |  2.1
Armour         | |  0.6
Dodging        | |  2.6
Spellcasting   | |  2.0
Charms         | |  3.2

Action                   || total
-------------------------++-------
Melee: Spear             ||    63
Throw: Stone             ||    23
       Dart              ||     1
 Cast: Infusion          ||     1
Armor: Leather armour    ||     8
Dodge: Dodged            ||    24
